 Dungeon Crawl Stone Soup version 0.32-a0-913-g739538afd8 (webtiles) character file.

Game seed: 6289345165104369576

152 Autsider the Digger (level 5, -2/30 HPs)
             Began as a Gargoyle Earth Elementalist on Apr 9, 2024.
             Frozen to death by an endoplasm (4 damage)
             ... in a sewer.
             The game lasted 00:05:29 (1958 turns).

Autsider the Digger (Gargoyle Earth Elementalist)   Turns: 1958, Time: 00:05:30

Health: -2/30      AC:  7    Str: 12    XL:     5   Next: 34%
Magic:  4/9        EV: 10    Int: 17    God:
Gold:   138        SH:  4    Dex: 16    Spells: 5/9 levels left

rFire   . . .        c - +1 whip
rCold   . . .        r - +0 buckler
rNeg    + . .        a - +0 robe
rPois   ∞            (no helmet)
rElec   +            (no cloak)
rCorr   .            (no gloves)
SInv    .            l - +0 pair of boots
Will    .....        (no amulet)
Stlth   +            m - +6 ring of dexterity
HPRegen 0.25/turn    (no ring)
MPRegen 0.11/turn

%: no passive effects
@: very slow
A: sickness immunity, AC +4, negative energy resistance 1, electricity
resistance, torment resistance 1, petrification resistance
a: no special abilities


You were in a sewer.
You visited 1 branch of the dungeon, and saw 3 of its levels.
You also visited: Sewer.

You collected 138 gold pieces.

Inventory:

Hand Weapons
 c - a +1 whip (weapon)
 d - a +0 flail
 j - a +0 dagger of holy wrath
 k - a +1 antimagic sling
Armour
 a - a +0 robe (worn)
 l - a +0 pair of boots (worn)
 r - a +0 buckler (worn)
Jewellery
 m - a +6 ring of dexterity (left hand)
Scrolls
 e - a scroll of enchant armour
 o - a scroll of fog
 p - a scroll of torment
Potions
 b - a potion of magic
 f - a potion of degeneration {unknown}
 g - a potion of curing {unknown}
 i - a potion of lignification {unknown}
 n - 2 potions of heal wounds


   Skills:
 + Level 2.2 Fighting
 - Level 1.5 Dodging
 - Level 2.1 Stealth
 + Level 0.7 Shields
 + Level 2.7 Spellcasting
 + Level 2.4 Conjurations
 * Level 5.1 Earth Magic


You had 5 spell levels left.
You knew the following spells:

 Your Spells              Type           Power      Damage    Failure   Level
a - Sandblast             Erth           38%        2d10      3%          1
b - Stone Arrow           Conj/Erth      30%        3d8       16%         3

Your spell library contained the following spells:

 Spells                   Type           Power      Damage    Failure   Level
 Passwall                 Erth           19%        N/A       9%          3
 Brom's Barrelling Bould  Conj/Erth      15%        2d4       47%         4
 Petrify                  Alch/Erth      11%        N/A       65%         4


Dungeon Overview and Level Annotations

Branches:
Dungeon (3/15)              Sewer (1/1)

Altars:


Innate Abilities, Weirdness & Mutations

You are immune to sickness and miasma.
Your stone body is resilient. (AC +4)
You are immune to poison.
You resist negative energy. (rN+)
You are resistant to electric shocks. (rElec)
You are resistant to unholy torment.
You are immune to petrification.


Message History

The rat bites you but does no damage.
The endoplasm splashes around in the water.
Casting: Sandblast (safe; 3% risk of failure)
Confirm with . or Enter, or press ? or * to list all spells.
Aiming: Sandblast (safe; 3% risk of failure)
Press: ? - help, Shift-Dir - straight line, f/p - river rat
Aim: a river rat (almost dead, 80% to hit)
The blast of sand hits the river rat but does no damage.
The river rat is almost dead.
The river rat bites you but does no damage. x2
The rat closely misses you. You block the endoplasm's attack.
The rat closely misses you. The river rat bites you!
* * * LOW HITPOINT WARNING * * *
Casting: Sandblast (safe; 3% risk of failure)
Confirm with . or Enter, or press ? or * to list all spells.
Aiming: Sandblast (safe; 3% risk of failure)
Press: ? - help, Shift-Dir - straight line, f/p - river rat
Aim: a river rat (water, almost dead, 80% to hit)
The blast of sand misses the river rat.
The endoplasm freezes you.
You are frozen.
* * * LOW HITPOINT WARNING * * *
You block the river rat's attack. The river rat barely misses you.
The rat bites you but does no damage. The endoplasm freezes you.
You are frozen.
* * * LOW HITPOINT WARNING * * *
Casting: Sandblast (safe; 3% risk of failure)
Confirm with . or Enter, or press ? or * to list all spells.
Aiming: Sandblast (safe; 3% risk of failure)
Press: ? - help, Shift-Dir - straight line, f - rat, p - river rat
Aim: a rat (82% to hit)
The blast of sand hits the rat.
You kill the rat!
The rat bites you but does no damage. The river rat bites you.
* * * LOW HITPOINT WARNING * * *
The river rat bites you but does no damage.
The endoplasm freezes you.
You are frozen.
You die...

# # ####################
###..~≈≈≈≈≈≈≈≈≈≈≈≈≈≈..
##...Jr≈≈≈≈≈≈≈≈≈≈≈≈~≈..
#....S@~~~≈≈≈≈≈≈≈≈≈≈~..
#.....rr≈~~~≈≈~≈~≈#~~~..
#......≈≈≈≈≈~~≈≈≈~~≈~≈..
#.....#~≈≈≈~≈~~.~≈~≈≈≈..
#....###################
#...# ...# ...


You could see 2 river rats, an endoplasm, a ball python and a rat.

Vanquished Creatures
  3 river rats
  6 adders
  A dart slug (D:2)
  A ribbon worm (D:2)
  8 bats
  6 endoplasms (D:1)
  5 giant cockroaches
  5 goblins (D:1)
  2 hobgoblins (D:1)
  6 jackals
  6 kobolds (D:1)
  3 quokkas
  3 ball pythons
  2 frilled lizards
  12 rats
69 creatures vanquished.

Notes
Turn   | Place    | Note
-------+----------+-------------------------------------------
     0 | D:1      | Autsider the Gargoyle Earth Elementalist began the quest
                  | for the Orb.
     0 | D:1      | Reached XP level 1. HP: 10/10 MP: 3/3
   160 | D:1      | Reached XP level 2. HP: 16/16 MP: 5/5
   221 | D:1      | Reached skill level 4 in Earth Magic
   542 | D:1      | Reached skill level 1 in Fighting
   568 | D:1      | Reached XP level 3. HP: 15/20 MP: 0/6
   989 | D:2      | Reached XP level 4. HP: 25/25 MP: 5/7
  1530 | D:2      | Learned a level 3 spell: Stone Arrow
  1775 | D:3      | Found a glowing drain.
  1784 | Sewer    | Entered a sewer
  1830 | Sewer    | Reached skill level 5 in Earth Magic
  1830 | Sewer    | Reached XP level 5. HP: 18/30 MP: 5/9
  1958 | Sewer    | Frozen to death by an endoplasm

Illustrated notes

Levels and vault maps discovered:
D:1:      ncdulo_wetmaze, layout_loops_ring, dk_noncrumbling_4
D:2:      layout_loops_ring
D:3:      layout_basic, gup_sewer_entry_bubbles, minivault_25
Sewer:    sewer_minmay_w

Skill      XL: |  1  2  3  4 |
---------------+-------------+-----
Earth Magic    | 4 5 |  5.1
Fighting       | 1 2 |  2.2
Conjurations   | 2 |  2.4
Dodging        | |  1.5
Stealth        | |  2.1
Shields        | |  0.7
Spellcasting   | |  2.7

Action                     |  1- 3 |  4- 6 || total
---------------------------+-------+-------++-------
  Melee: Unarmed           |    18 |       ||    18
         Whip              |    77 |    46 ||   123
   Cast: Sandblast         |    28 |    40 ||    68
    Use: Scroll            |       |     5 ||     5
   Stab: Sleeping          |     2 |     2 ||     4
 Armour: Robe              |    78 |    47 ||   125
  Dodge: Dodged            |    85 |    41 ||   126
  Block: Buckler           |       |    16 ||    16

Table legend: (Time is in decaauts)
 A = Elapsed time spent in this place.
 B = Non-inter-level travel time spent in this place.
 C = Inter-level travel time spent in this place.
 D = Time resting spent in this place.
 E = Time spent auto-exploring this place.
 F = Levels seen in this place.
 G = Mean time per level.
                   A        B        C        D        E       F      G
               +--------+--------+--------+--------+--------+-----+--------+
         Total |   2044 |   2000 |     44 |     16 |   1433 |   4 |  511.0 |
       Dungeon |   1842 |   1798 |     44 |     16 |   1295 |   3 |  614.0 |
         Sewer |    202 |    202 |      0 |      0 |    137 |   1 |  202.0 |
               +--------+--------+--------+--------+--------+-----+--------+

Top non-repeatable levels by time:
     D:1: 973 daAuts
     D:2: 751 daAuts
   Sewer: 202 daAuts
     D:3: 117 daAuts
